 Dungeon Crawl Stone Soup version 0.22.1-1-ga44c0e56f4 (webtiles) character file.

5443 Debik the Geomancer (level 10, -2/58 HPs)
             Began as a Gargoyle Earth Elementalist on Sept 22, 2018.
             Was a Believer of Vehumet.
             Slain by a yak (4 damage)
             ... on level 10 of the Dungeon.
             The game lasted 00:19:36 (11089 turns).

Debik the Geomancer (Gargoyle Earth Elementalist)  Turns: 11089, Time: 00:19:37

Health: -2/58      AC: 14    Str: 17    XL:     10   Next: 68%
Magic:  18/20      EV: 13    Int: 19    God:    Vehumet [**....]
Gold:   188        SH:  0    Dex: 10    Spells: 14/23 levels left

rFire    . . .     SeeInvis +   g - +4 short sword (speed)
rCold    + . .     Gourm    .   (no shield)
rNeg     + + .     Faith    +   k - +0 troll leather armour
rPois    ∞         Spirit   .   w - +0 helmet
rElec    +         Reflect  .   z - +0 cloak of the Gate {rN+ MR+ SInv}
rCorr    .         Harm     .   j - +0 pair of gloves
MR       +....                  (no boots)
Stlth    ++........             o - amulet of faith
HPRegen  0.59/turn              A - ring of protection from cold
MPRegen  0.17/turn              v - ring of wizardry

@: mighty
A: negative energy resistance 1, electricity resistance, unbreathing,
petrification resistance, rot immunity, AC +7
a: Renounce Religion


You were on level 10 of the Dungeon.
You worshipped Vehumet.
Vehumet was pleased with you.
You were not hungry.

You visited 2 branches of the dungeon, and saw 11 of its levels.

You collected 503 gold pieces.
You spent 315 gold pieces at shops.

Inventory:

Hand Weapons
 g - a +4 short sword of speed (weapon)
Missiles
 a - a throwing net
 b - 4 stones (quivered)
Armour
 c - a +0 robe
 j - a +0 pair of gloves (worn)
 k - a +0 troll leather armour (worn)
 w - a +0 helmet (worn)
 z - the +0 cloak of the Gate (worn) {rN+ MR+ SInv}
   (You bought it in a shop on level 6 of the Dungeon)

   It protects you from negative energy.
   It affects your resistance to hostile enchantments.
   It lets you see invisible.
Jewellery
 o - an amulet of faith (around neck)
 r - an uncursed ring of fire
 v - a ring of wizardry (right hand)
 A - a ring of protection from cold (left hand)
Wands
 l - a wand of disintegration (12)
 q - a wand of flame (13)
 y - a wand of polymorph (28)
 F - a wand of random effects (30)
Scrolls
 e - 2 scrolls of remove curse
 f - a scroll of teleportation
 h - a scroll of fear
 i - a scroll of fog
 n - a scroll of amnesia
 s - a scroll of blinking
Potions
 m - a potion of brilliance {unknown}
 p - 3 potions of invisibility
 u - a potion of agility
 x - 3 potions of mutation
 B - a potion of heal wounds
 D - a potion of lignification {unknown}
 E - 4 potions of curing
 G - a potion of cancellation
Comestibles
 d - 22 rations


   Skills:
 + Level 4.4 Fighting
 + Level 6.1 Short Blades
 + Level 2.2 Armour
 + Level 4.5 Dodging
 + Level 4.7 Stealth
 + Level 1.3 Unarmed Combat
 + Level 7.3 Spellcasting
 + Level 2.6 Conjurations
   Level 0.7 Transmutations
 + Level 10.2 Earth Magic


You had 14 spell levels left.
You knew the following spells:

 Your Spells              Type           Power        Failure   Level  Hunger
a - Sandblast             Erth           #####.       1%          1    None
d - Lee's Rapid Deconstr  Erth           #####.....   1%          5    #####..
e - Stone Arrow           Conj/Erth      ####..       1%          3    #......

Your spell library contained the following spells:

 Spells                   Type           Power        Failure   Level  Hunger
 Flame Tongue             Conj/Fire      ##...        2%          1    None
 Passwall                 Tmut/Erth      ####....     1%          2    None
 Animate Skeleton         Necr           N/A          4%          1    None
 Pain                     Necr           #...         4%          1    None
 Summon Butterflies       Summ           #.......     4%          1    None
 Petrify                  Tmut/Erth      ####....     4%          4    ###....
 Regeneration             Chrm/Necr      #.........   14%         3    #......
 Vampiric Draining        Necr           #.........   14%         3    #......
 Animate Dead             Necr           N/A          41%         4    ###....


Dungeon Overview and Level Annotations

Branches:
Dungeon (10/15)            Temple (1/1) D:5
   Lair: D:8-11         Orc: D:9-12

Altars:
Ashenzari
Cheibriados
Dithmenos
Elyvilon
Fedhas
Gozag
Hepliaklqana
Kikubaaqudgha
Makhleb
Nemelex Xobeh
Okawaru
Qazlal
Ru
Sif Muna
Trog
Uskayaw
Vehumet
Wu Jian
Xom
Yredelemnul
Zin
The Shining One

Shops:
D:4 =   D:6 [


Innate Abilities, Weirdness & Mutations

You are resistant to torment.
Your stone body is resilient. (AC +7)
You are immune to poison.
You resist negative energy. (rN+)
You are resistant to electric shocks. (rElec)
You can survive without breathing.
You are immune to petrification.
You are immune to rotting.


Message History

Press: ? - help, Shift-Dir - straight line, f - yak
Aim: a yak The blast of sand misses the yak.
b - 5 stones The yak gores you but does no damage. x2; The yak gores you.
* * * LOW HITPOINT WARNING * * *
Casting: Sandblast (safe; 1% risk of failure)
Confirm with . or Enter, or press ? or * to list all spells.
Aiming: Sandblast (safe; 1% risk of failure)
Press: ? - help, Shift-Dir - straight line, f/p - yak
Aim: a yak The blast of sand hits the yak.
The yak is severely wounded.
b - 4 stones The yak gores you!
* * * LOW HITPOINT WARNING * * *
The yak gores you.
* * * LOW HITPOINT WARNING * * *
The yak gores you.
You die...

#......##.........#
#.................#
#.................#
################.......#
#..............#...#...#
#..............#...#...#
#..............#...#...#
#......†Y......#...#...#
#......@†......#...#...#
#......YY......#...#...#
#..............#...#...#
#..............#.......#
#####+####....##.......#
....#........#
...#........#
...#.######.# #. #.#


You could see 3 yaks.

Vanquished Creatures
  A troll (D:8)
  A hippogriff (D:10)
  2 yaks (D:10)
  2 wyverns
  Duvessa (D:6)
  A sky beast (D:6)
  3 ice beasts
  An eye of draining (D:9)
  An orc warrior (D:9)
  3 phantoms
  8 ogres
  2 necrophages (D:8)
  3 centaurs
  2 big kobolds
  A bullfrog (D:7)
  3 scorpions
  Dowan (D:6)
  A vampire bat (D:3)
  2 howler monkeys (D:8)
  2 bullfrog zombies
  4 crimson imps
  A quasit (D:5)
  2 centaur skeletons
  4 hounds
  3 bullfrog skeletons
  5 jellies
  10 orc priests
  16 orc wizards
  2 iguanas (D:9)
  7 worker ants
  A hound skeleton (D:9)
  8 adders
  4 gnolls (D:7)
  3 adder skeletons
  4 worms
  2 dart slugs (D:1)
  3 fire bats (D:3)
  6 leopard geckos
  36 orcs
  2 spectral bats (D:3)
  3 ball pythons
  3 bat skeletons (D:3)
  A bat zombie (D:3)
  3 giant cockroaches
  6 hobgoblins
  9 jackals
  17 kobolds
  5 quokkas
  17 bats
  A bat simulacrum (D:3)
  6 frilled lizards
  8 goblins
  A quokka zombie (D:7)
  13 rats
257 creatures vanquished.

Notes
Turn   | Place    | Note
-------+----------+-------------------------------------------
     0 | D:1      | Debik the Gargoyle Earth Elementalist began the quest for
                  | the Orb.
     0 | D:1      | Reached XP level 1. HP: 10/10 MP: 3/3
   364 | D:1      | Reached skill level 4 in Earth Magic
   364 | D:1      | Reached XP level 2. HP: 15/15 MP: 3/5
   704 | D:1      | Reached XP level 3. HP: 8/19 MP: 2/6
   709 | D:1      | Learned a level 3 spell: Stone Arrow
  1555 | D:2      | Reached XP level 4. HP: 23/24 MP: 7/7
  1567 | D:2      | Reached skill level 1 in Fighting
  1749 | D:2      | Reached skill level 1 in Unarmed Combat
  1761 | D:2      | Found an ornate altar of the Wu Jian Council.
  1897 | D:3      | Found a burning altar of Makhleb.
  2056 | D:3      | Reached skill level 1 in Short Blades
  2056 | D:3      | Reached XP level 5. HP: 27/29 MP: 8/8
  2099 | D:3      | Learned a level 5 spell: Lee's Rapid Deconstruction
  2290 | D:3      | Reached XP level 6. HP: 35/35 MP: 2/10
  2600 | D:3      | Found a faded altar of an unknown god.
  2811 | D:3      | Found a snail-covered altar of Cheibriados.
  2812 | D:3      | Found a basalt altar of Yredelemnul.
  3417 | D:4      | Noticed a phantom
  3428 | D:4      | Killed a phantom
  3428 | D:4      | Reached skill level 5 in Earth Magic
  3585 | D:4      | Reached XP level 7. HP: 34/39 MP: 12/12
  3965 | D:4      | Found a shadowy altar of Dithmenos.
  3971 | D:4      | Found Istrikuuq's Jewellery Emporium.
  4200 | D:4      | Found a sacrificial altar of Ru.
  4693 | D:5      | Entered Level 5 of the Dungeon
  4779 | D:5      | Reached skill level 6 in Earth Magic
  4779 | D:5      | Reached XP level 8. HP: 31/45 MP: 1/14
  4898 | D:5      | Reached skill level 1 in Conjurations
  5092 | D:5      | Reached skill level 5 in Spellcasting
  5361 | D:5      | Reached skill level 7 in Earth Magic
  5595 | D:5      | Found a staircase to the Ecumenical Temple.
  5613 | D:5      | Reached XP level 9. HP: 10/49 MP: 2/17
  5859 | Temple   | Entered the Ecumenical Temple
  6295 | D:5      | Reached skill level 8 in Earth Magic
  6521 | D:5      | Found a stormy altar of Qazlal.
  6550 | D:6      | Noticed Duvessa
  6551 | D:6      | Noticed Dowan
  6553 | D:6      | Killed Dowan
  6562 | D:6      | Killed Duvessa
  7016 | D:6      | Found Ymeha's Armour Boutique.
  7066 | D:6      | Found a hazy altar of Hepliaklqana.
  7066 | D:6      | Found a shattered altar of Ashenzari.
  7922 | D:7      | Reached skill level 9 in Earth Magic
  7930 | D:7      | Found a blossoming altar of Fedhas.
  8718 | D:6      | Bought the cursed +0 cloak of the Gate {rN+ MR+ SInv} for
                  | 315 gold pieces
  8781 | D:8      | Noticed a troll
  8784 | D:8      | Killed a troll
  8971 | D:8      | Reached XP level 10. HP: 56/56 MP: 6/20
  8974 | D:8      | Reached skill level 5 in Short Blades
  9198 | D:8      | Found a radiant altar of Vehumet.
  9204 | D:8      | Became a worshipper of Vehumet
  9212 | D:8      | Found an ancient bone altar of Kikubaaqudgha.
  9229 | D:8      | Found a deep blue altar of Sif Muna.
  9239 | D:8      | Identified Sif Muna's Papyrus of Creation
  9368 | D:8      | Reached skill level 1 in Armour
  9744 | D:9      | Reached * piety under Vehumet
  9744 | D:9      | Offered knowledge of Magic Dart by Vehumet.
 10243 | D:9      | Reached skill level 10 in Earth Magic
 10690 | D:10     | Entered Level 10 of the Dungeon
 10815 | D:10     | Offered knowledge of Flame Tongue by Vehumet.
 10817 | D:10     | Reached ** piety under Vehumet
 10994 | D:10     | Paralysed by an orc wizard for 3 turns
 11006 | D:10     | Noticed a kobold demonologist
 11089 | D:10     | HP: 2/58 [yak (6)]
 11089 | D:10     | Slain by a yak

Skill      XL: |  1  2  3  4  5  6  7  8  9 10 |
---------------+-------------------------------+-----
Earth Magic    | 4 5 6 7 9 10 | 10.2
Fighting       | 1 2 4 |  4.4
Dodging        | 2 3 4 |  4.5
Unarmed Combat | 1 |  1.3
Short Blades   | 1 2 3 4 6 |  6.1
Stealth        | 3 4 |  4.7
Spellcasting   | 3 4 5 6 7 |  7.3
Conjurations   | 2 |  2.6
Armour         | 2 |  2.2
Transmutations | |  0.7

Action                   |  1- 3 |  4- 6 |  7- 9 | 10-12 || total
-------------------------+-------+-------+-------+-------++-------
Melee: Unarmed           |    60 |       |       |       ||    60
       Short sword       |    82 |   135 |   302 |   342 ||   861
       Punch             |     1 |       |     2 |     2 ||     5
 Cast: Sandblast         |    20 |    60 |    81 |    26 ||   187
       Stone Arrow       |       |       |    27 |    10 ||    37
       Lee's Rapid Decon |       |       |     9 |     7 ||    16
  Use: Scroll            |       |     8 |    11 |     7 ||    26
       Potion            |       |       |     8 |     2 ||    10
 Stab: Sleeping          |     6 |     2 |     2 |     5 ||    15
       Distracted        |       |       |       |     1 ||     1
  Eat: Chunk             |     2 |     6 |    15 |     4 ||    27
       Ration            |       |       |     2 |     2 ||     4
Armor: Robe              |    45 |    57 |    77 |       ||   179
       Troll leather arm |       |       |     1 |   120 ||   121
Dodge: Dodged            |   113 |   121 |   133 |   160 ||   527
